 Dungeon Crawl Stone Soup version 0.29-a0-582-ge82337ba6a (webtiles) character file.

Game seed: 5322898044974476735

118 DocClef the Sneak (level 4, -1/40 HPs)
             Began as a Draconian Delver on June 14, 2022.
             Slain by a hobgoblin (2 damage)
             ... on level 4 of the Dungeon.
             The game lasted 00:02:16 (1014 turns).

DocClef the Sneak (Draconian Delver)                Turns: 1014, Time: 00:02:17

Health: -1/40      AC:  5    Str: 15    XL:     4   Next: 72%
Magic:  4/4        EV: 12    Int: 10    God:
Gold:   34         SH:  0    Dex: 14    Spells: 3/3 levels left

rFire   . . .      SeeInvis .   a - +0 short sword
rCold   . . .      Faith    .   (no shield)
rNeg    . . .      Spirit   .   (body armour unavailable)
rPois   .          Reflect  .   (helmet restricted)
rElec   .          Harm     .   (no cloak)
rCorr   .          Rampage  .   (no gloves)
Will    .....                   (no boots)
Stlth   +++.......              (no amulet)
HPRegen 0.13/turn               (no ring)
MPRegen 0.09/turn               (no ring)

@: no status effects
A: AC +5, unfitting armour, cold-blooded
a: no special abilities


You were on level 4 of the Dungeon.
You visited 1 branch of the dungeon, and saw 3 of its levels.

You collected 34 gold pieces.

Inventory:

Hand Weapons
 a - a +0 short sword (weapon)
Wands
 f - a wand of digging (3)
Scrolls
 b - a scroll of fog
 c - a scroll of magic mapping
 h - 2 scrolls of teleportation {unknown}
 i - 3 scrolls of identify {unknown}
 j - a scroll of vulnerability {unknown}
 k - a scroll of amnesia {unknown}
Potions
 e - a potion of haste


   Skills:
 + Level 4.1 Fighting
 + Level 3.0 Short Blades
 + Level 2.7 Dodging
 + Level 5.1 Stealth


You had 3 spell levels left.
You didn't know any spells.
Your spell library was empty.

Dungeon Overview and Level Annotations

Branches:
Dungeon (5/15)
 Temple: D:4-7

Altars:

Annotations:
D:3 2 transporters
D:4 Edmund


Innate Abilities, Weirdness & Mutations

Your plain brown scales are hard. (AC +5)
You cannot fit into any form of body armour.
You are cold-blooded and may be slowed by cold attacks.


Message History

You hit the adder but do no damage.
The adder is severely wounded.
* * * LOW HITPOINT WARNING * * *
You feel sick. The hobgoblin misses you.
The adder bites you but does no damage.
Unknown command.
You hit the adder but do no damage.
The adder is severely wounded.
* * * LOW HITPOINT WARNING * * *
You feel sick. The hobgoblin closely misses you. The adder barely misses you.
Okay, then.
You closely miss the adder.
Your tail-slap misses the adder.
The adder is severely wounded.
* * * LOW HITPOINT WARNING * * *
You feel sick. The adder misses you. The hobgoblin barely misses you.
You barely miss the adder.
The adder is severely wounded.
* * * LOW HITPOINT WARNING * * *
You feel sick. The adder completely misses you.
The hobgoblin closely misses you.
You hit the adder but do no damage.
You tail-slap the adder, but do no damage.
The adder is severely wounded.
* * * LOW HITPOINT WARNING * * *
You feel sick.
You are no longer poisoned.
The adder barely misses you. The hobgoblin barely misses you.
The adder barely misses you.
You hit the adder but do no damage.
The adder is severely wounded.
The adder bites you but does no damage. The hobgoblin misses you.
Unknown command.
You hit the adder.
You kill the adder!
The hobgoblin misses you.
Your Short Blades skill increases to level 3!
You hit the hobgoblin. You tail-slap the hobgoblin.
The hobgoblin is almost dead.
The hobgoblin hits you.
You die...

... ...# ... .
... #. ### #.
..##. ## ...
!.#.## .. ....
..w.# #.##
#..#!#.# ...
#...#.# ..#
#..<.##### #.#
##.#wg@..# ..#
#..#####...... .#
#.# #.... ## ##.#
... .#
#####..##### .
.#####..........#
................#
........).......#
................#


You could see a worm and a hobgoblin.

Vanquished Creatures
  2 hounds (D:4)
  An adder (D:4)
  5 orcs
  2 endoplasms
  A giant cockroach (D:3)
  A goblin (D:3)
  A bat (D:3)
  A rat (D:3)
14 creatures vanquished.

Vanquished Creatures (others)
  2 orc wizards (D:3)
2 creatures vanquished.

Grand Total: 16 creatures vanquished

Notes
Turn   | Place    | Note
-------+----------+-------------------------------------------
     0 | D:5      | DocClef the Draconian Delver began the quest for the Orb.
     0 | D:5      | Reached XP level 1. HP: 19/19 MP: 1/1
    18 | D:5      | Noticed an iguana
    21 | D:5      | Noticed a hound
    45 | D:4      | Killed a hound
    46 | D:4      | Reached XP level 2. HP: 6/26 MP: 2/2
    51 | D:4      | Reached XP level 3. HP: 6/33 MP: 3/3
   709 | D:4      | Noticed Edmund
   840 | D:3      | Found a transporter.
   868 | D:3      | Reached XP level 4. HP: 40/40 MP: 4/4
   872 | D:3      | Found a transporter.
   919 | D:3      | Reached skill level 5 in Stealth
  1010 | D:4      | HP: 2/40 [poisoned by an adder]
  1014 | D:4      | Slain by a hobgoblin

Illustrated notes

Levels and vault maps discovered:
D:3:      gammafunk_wand_slinger, layout_basic, zin_angel, serial_glass,
          glass_columns_a, glass_columns_a
D:4:      layout_rooms, serial_shops, shop, uniq_edmund
D:5:      layout_rooms, st_stairs_7

Skill      XL: |  1  2  3  4 |
---------------+-------------+-----
Dodging        | 2 |  2.7
Stealth        | 5 |  5.1
Fighting       | 4 |  4.1
Short Blades   | 3 |  3.0

Action                   |  1- 3 |  4- 6 || total
-------------------------+-------+-------++-------
Melee: Short sword       |    65 |    72 ||   137
       Tailslap          |     8 |     7 ||    15
  Use: Potion            |       |     2 ||     2
       Scroll            |       |     1 ||     1
Armor: Skin              |    18 |    20 ||    38
Dodge: Dodged            |    49 |    42 ||    91

Table legend: (Time is in decaauts)
 A = Elapsed time spent in this place.
 B = Non-inter-level travel time spent in this place.
 C = Inter-level travel time spent in this place.
 D = Time resting spent in this place.
 E = Time spent auto-exploring this place.
 F = Levels seen in this place.
 G = Mean time per level.
                   A        B        C        D        E       F      G
               +--------+--------+--------+--------+--------+-----+--------+
         Total |   1009 |   1009 |      0 |    244 |    493 |   3 |  336.3 |
       Dungeon |   1009 |   1009 |      0 |    244 |    493 |   3 |  336.3 |
               +--------+--------+--------+--------+--------+-----+--------+

Top non-repeatable levels by time:
     D:4: 718 daAuts
     D:3: 253 daAuts
     D:5: 37 daAuts
